 Dungeon Crawl Stone Soup version 0.29.0-10-g45618ea6d2 (webtiles) character file.

Game seed: 15469729540453309281

578 Zeldest the Ruffian (level 7, -1/71 HPs)
             Began as a Troll Delver on Sept 1, 2022.
             Was an Initiate of Wu Jian.
             Slain by an orc warrior
             ... wielding a +0 mace
              (10 damage)
             ... on level 6 of the Dungeon.
             The game lasted 00:08:14 (1768 turns).

Zeldest the Ruffian (Troll Delver)                  Turns: 1768, Time: 00:08:14

Health: -1/71      AC:  4    Str: 21    XL:     7   Next: 13%
Magic:  2/6        EV:  9    Int: 14    God:    Wu Jian [......]
Gold:   158        SH:  0    Dex: 11    Spells: 3/6 levels left

rFire   . . .      SeeInvis .     - Unarmed
rCold   . . .      Faith    .   (no shield)
rNeg    . . .      Spirit   .   a - +0 robe
rPois   .          Reflect  .   (helmet currently unavailable)
rElec   .          Harm     .   (no cloak)
rCorr   .          Rampage  .   (gloves unavailable)
Will    .....                   (boots unavailable)
Stlth   ++........              (no amulet)
HPRegen 1.01/turn               o - +6 ring of intelligence
MPRegen 0.10/turn               (no ring)

@: lethally poisoned (-1 -> -2), appendages, wereblooded, attractive
A: horns 2, talons 2, large, unfitting armour, claws 3, regeneration 1, shaggy
fur 1, tough skin 1
a: End Transformation, Renounce Religion


You were on level 6 of the Dungeon.
You worshipped Wu Jian.
Wu Jian was noncommittal.
You had temporarily grown beastly horns and talons.
You visited 1 branch of the dungeon, and saw 6 of its levels.

You collected 158 gold pieces.

Inventory:

Missiles
 y - 5 large rocks (quivered)
Armour
 a - a +0 robe (worn)
Jewellery
 o - a +6 ring of intelligence (left claw)
Wands
 f - a wand of digging (3)
 p - a wand of iceblast (3)
 z - a wand of acid (8)
Scrolls
 b - a scroll of fog
 c - a scroll of poison {unknown}
 d - a scroll of fear
 e - 6 scrolls of identify {unknown}
 g - a scroll of noise {unknown}
 h - 2 scrolls of teleportation {unknown}
 j - a scroll of blinking {unknown}
 k - 2 scrolls of enchant weapon {unknown}
 m - a scroll of torment {unknown}
 n - a scroll of summoning {unknown}
 t - a scroll of immolation {unknown}
 u - a scroll of vulnerability {unknown}
 x - a scroll of amnesia {unknown}
Potions
 i - 2 potions of curing {unknown}
 l - 3 potions of heal wounds {unknown}
 q - a potion of lignification {unknown}
 r - 2 potions of flight {unknown}
 s - a potion of brilliance {unknown}
 v - 3 potions of attraction
 w - a potion of might {unknown}


   Skills:
 + Level 4.3 Fighting
 - Level 1.5 Dodging
 - Level 2.7 Stealth
 + Level 4.8 Unarmed Combat
 + Level 3.1 Transmutations


You had 3 spell levels left.
You knew the following spells:

 Your Spells              Type           Power      Damage    Failure   Level
a - Wereblood             Tmut           8%         N/A       12%         2
b - Beastly Appendage     Tmut           16%        N/A       9%          1

Your spell library contained the following spells:

 Spells                   Type           Power      Damage    Failure   Level
 Sublimation of Blood     Necr           0%         N/A       41%         2
 Spider Form              Tmut/Pois      4%         N/A       43%         3
 Summon Hydra             Summ           0%         N/A       100%        7


Dungeon Overview and Level Annotations

Branches:
Dungeon (6/15)
 Temple: D:4-7

Altars:
Dithmenos
Fedhas
Kikubaaqudgha
Uskayaw
Vehumet
Wu Jian
Xom


Innate Abilities, Weirdness & Mutations

You have temporarily grown beastly horns and talons.
You are too large for most types of armour.
You have claws for hands.
Your natural rate of healing is unusually fast.
You are covered in fur. (AC +1)
You have tough skin. (AC +1)


Message History

Press: ? - help, Shift-Dir - straight line The mass of ice explodes!
The iceblast engulfs the killer bee!
The killer bee is almost dead.
The iceblast engulfs the killer bee!
The killer bee is almost dead.
The iceblast engulfs the orc warrior!
The orc warrior is almost dead.
You howl as the wereblood boils in your veins!
The killer bee stings you.
You are poisoned.
The killer bee poisons you! The killer bee stings you. x2
The orc warrior hits you with a +0 mace!
Aiming: Iceblast
Press: ? - help, Shift-Dir - straight line, f - killer bee
Aim: a killer bee (almost dead) That beam is likely to hit you.
Continue anyway?
The mass of ice explodes!
The iceblast engulfs the orc warrior.
The orc warrior is almost dead.
The iceblast engulfs the killer bee!
You feel a bit better.
You kill the killer bee!
The Council accepts your kill.
The iceblast engulfs the killer bee!!
You feel a bit better.
You kill the killer bee!
The Council accepts your kill.
The iceblast engulfs the killer bee!
You kill the killer bee!
The Council accepts your kill. The iceblast engulfs you!
You feel sick. The white imp gestures at you. The puff of frost hits you!
* * * LOW HITPOINT WARNING * * *
The orc warrior hits you with a +0 mace!
* * * LOW HITPOINT WARNING * * *
Your Transmutations skill increases to level 3!
You have reached level 7!
It was a potion of attraction.
You feel attractive to monsters.
You feel sick.
The orc warrior hits you with a +0 mace!
You die...

.)......
....
........
.$.
........
... .
[....... ..
.. .....###
#
#)#####...
#.##.......
##....†..#
#....oo†.#
#.....@..#
#........#
#.....5..#
#####....#
......
.#.....#
.#..#... #
#.......


You could see an orc warrior, an orc wizard and a white imp.

Vanquished Creatures
  An ogre (D:5)
  A necrophage (D:5)
  A scorpion (D:5)
  3 killer bees (D:6)
  2 iguanas
  2 orc wizards
  3 gnolls (D:2)
  4 adders
  A white imp (D:5)
  A worm (D:5)
  13 orcs
  5 endoplasms
  2 giant cockroaches
  A goblin (D:1)
  2 hobgoblins
  4 jackals (D:1)
  4 quokkas
  3 ball pythons
  7 bats
  3 frilled lizards (D:1)
  3 kobolds
  4 rats
70 creatures vanquished.

Notes
Turn   | Place    | Note
-------+----------+-------------------------------------------
     0 | D:5      | Zeldest the Troll Delver began the quest for the Orb.
     0 | D:5      | Reached XP level 1. HP: 22/22 MP: 0/0
    31 | D:5      | Noticed a necrophage
    48 | D:5      | Killed a necrophage
    49 | D:5      | Reached skill level 1 in Transmutations
    49 | D:5      | Reached XP level 2. HP: 31/31 MP: 1/1
    49 | D:5      | Reached XP level 3. HP: 37/37 MP: 2/2
    75 | D:5      | Found a shimmering altar of Xom.
   111 | D:5      | Learned a level 2 spell: Wereblood
   129 | D:4      | Reached XP level 4. HP: 45/45 MP: 3/3
   163 | D:4      | Found a shadowy altar of Dithmenos.
   282 | D:4      | Found an ancient bone altar of Kikubaaqudgha.
   291 | D:3      | Found a radiant altar of Vehumet.
   601 | D:2      | Reached XP level 5. HP: 35/53 MP: 4/4
  1268 | D:2      | Found a faded altar of an unknown god.
  1296 | D:3      | Found a blossoming altar of Fedhas.
  1309 | D:3      | Found a hide-covered altar of Uskayaw.
  1397 | D:3      | Learned a level 1 spell: Beastly Appendage
  1498 | D:5      | Found an ornate altar of the Wu Jian Council.
  1510 | D:5      | Became a worshipper of the Wu Jian Council
  1597 | D:5      | Noticed an ogre
  1597 | D:5      | Found the +6 shillelagh "Devastator" {shatter}
  1599 | D:5      | Noticed an ogre
  1611 | D:5      | HP: 2/54 [ogre/+0 giant club (13)]
  1673 | D:6      | Reached XP level 6. HP: 53/62 MP: 1/5
  1759 | D:6      | Noticed an orc warrior
  1768 | D:6      | Reached XP level 7. HP: 9/71 MP: 2/6
  1768 | D:6      | Slain by an orc warrior

Illustrated notes

Levels and vault maps discovered:
D:1:      dpeg_arrival_chambers_temple_mockup, layout_loops_cross
D:2:      layout_basic, shapermc_ecumenical_altar_acropolis, serial_shops,
          nicolae_shop_statue_plus
D:3:      layout_rooms, amcnicky_altar_gilded,
          mainiacjoe_overflow_small_starburst, fedhas_altar_1,
          minmay_tree_intersection
D:4:      minmay_wonky_spiral, layout_cave_pools,
          nicolae_dithmenos_through_a_glass_darkly, tso_metal_star,
          lemuel_doored_altar, minmay_temple_entry_antechambers,
          uniq_blork_the_orc
D:5:      layout_loops_ring, mainiacjoe_overflow_six_doors_small,
          mainiacjoe_overflow_alcove_4, chequers_serial_rivers_large_a,
          dilly_guarded_unrand_devastator, uniq_grinder, uniq_duvessa
D:6:      layout_basic, ebering_ghost_reflecting_pool,
          kennysheep_generic_room_16

Skill      XL: |  1  2  3  4  5  6 |
---------------+-------------------+-----
Fighting       | 3 4 |  4.3
Transmutations | 1 2 3 |  3.1
Unarmed Combat | 3 4 |  4.8
Dodging        | |  1.5
Stealth        | |  2.7

Action                   |  1- 3 |  4- 6 |  7- 9 || total
-------------------------+-------+-------+-------++-------
Melee: Unarmed           |    15 |   176 |       ||   191
       Punch             |       |     5 |       ||     5
       Kick              |       |     3 |       ||     3
       Headbutt          |       |     1 |       ||     1
 Cast: Wereblood         |       |     5 |       ||     5
       Beastly Appendage |       |     3 |       ||     3
Invok: Lunge             |       |     3 |       ||     3
Evoke: Wand              |       |     4 |       ||     4
  Use: Potion            |     1 |     1 |     1 ||     3
       Scroll            |     1 |       |       ||     1
 Stab: Sleeping          |     1 |     6 |       ||     7
Armor: Robe              |     1 |    52 |       ||    53
Dodge: Dodged            |     6 |    76 |       ||    82
